 Dungeon Crawl Stone Soup version 0.31.0-32-g396128a36d (webtiles) character file.

Game seed: 13010335026585255976

18879 HotelGloriana the Geomancer (level 12, -8/68 HPs)
             Began as a Gargoyle Earth Elementalist on Mar 13, 2024.
             Was an Elder of Vehumet.
             Mangled by a komodo dragon (17 damage)
             ... on level 1 of the Lair of Beasts.
             The game lasted 00:47:33 (14754 turns).

HotelGloriana the Geomancer (GrEE)                 Turns: 14754, Time: 00:47:34

Health: -8/68      AC: 19    Str: 13    XL:     12   Next: 63%
Magic:  17/26      EV: 12    Int: 20    God:    Vehumet [****..]
Gold:   755        SH:  3    Dex: 10    Spells: 17/32 levels left

rFire   + . .        E - staff of the Wilderness {rC+ rN+ Will+ Ice}
rCold   + + .        t - +0 buckler
rNeg    + + .        G - +2 robe {rC+ rF+}
rPois   ∞            K - +0 helmet
rElec   +            M - +1 cloak {Will+}
rCorr   +            (no gloves)
SInv    +            b - +2 pair of boots {Stlth+}
Will    ++...        (no amulet)
Stlth   ++++         l - ring of resist corrosion
HPRegen 0.31/turn    J - ring of see invisible
MPRegen 0.20/turn

%: no passive effects
@: no status effects
A: sickness immunity, AC +8, negative energy resistance 1, electricity
resistance, torment resistance 1, petrification resistance
a: Renounce Religion


You were on level 1 of the Lair of Beasts.
You worshipped Vehumet.
Vehumet was greatly pleased with you.
You visited 3 branches of the dungeon, and saw 13 of its levels.
You also visited: Ossuary.

You collected 755 gold pieces.

Inventory:

Hand Weapons
 a - a +3 dagger
Missiles
 B - 2 javelins
Armour
 b - a +2 pair of boots of stealth (worn)
 t - a +0 buckler (worn)
 C - a +2 robe of willpower
 G - a +2 robe of resistance (worn)
 K - a +0 helmet (worn)
 M - a +1 cloak of willpower (worn)
Magical Staves
 E - the staff of the Wilderness (weapon) {rC+ rN+ Will+ Ice}
   (You found it on level 7 of the Dungeon)

   [staff of cold]

   Base accuracy: +5 Base damage: 5 Base attack delay: 1.2 This weapon's minimum
   attack delay (0.6) is reached at skill level 12.
   rC+:       It protects you from cold.
   rN+:       It protects you from negative energy.
   Will+:     It increases your willpower.
   Ice:       It increases the power of your Ice spells.
   It falls into the 'Staves' category.
   It is a one-handed weapon.
Jewellery
 l - a ring of resist corrosion (left hand)
 w - a ring of positive energy
 J - a ring of see invisible (right hand)
 Q - a ring of positive energy
Wands
 o - a wand of flame (17)
 q - a wand of iceblast (20)
 N - a wand of paralysis (11)
Scrolls
 f - a scroll of fear
 k - 2 scrolls of blinking
 m - 2 scrolls of teleportation
 r - 3 scrolls of torment
 x - 2 scrolls of amnesia
 y - a scroll of brand weapon {unknown}
 z - 2 scrolls of revelation
 H - a scroll of immolation {unknown}
 I - a scroll of enchant armour {unknown}
 O - a scroll of enchant weapon {unknown}
 P - a scroll of fog {unknown}
Potions
 c - a potion of ambrosia {unknown}
 d - 8 potions of curing
 e - 3 potions of attraction
 g - 2 potions of invisibility
 h - 2 potions of degeneration {unknown}
 i - 2 potions of resistance
 j - 2 potions of lignification {unknown}
 n - 8 potions of haste {unknown}
 p - 3 potions of enlightenment {unknown}
 s - 5 potions of heal wounds
 u - 3 potions of magic
 v - 5 potions of mutation
 A - 2 potions of might {unknown}
 D - a potion of berserk rage {unknown}
 L - a potion of brilliance {unknown}
Miscellaneous
 F - a lightning rod (4/4)


   Skills:
 - Level 5.0 Fighting
 + Level 4.2 Staves
 - Level 5.0 Armour
 + Level 4.9 Dodging
 - Level 5.0 Stealth
 * Level 10.5 Spellcasting
 + Level 8.9 Conjurations
 * Level 13.7 Earth Magic


You had 17 spell levels left.
You knew the following spells:

 Your Spells              Type           Power      Damage    Failure   Level
a - Sandblast             Erth           100%       2d20      1%          1
b - Passwall              Erth           60%        N/A       1%          3
c - Stone Arrow           Conj/Erth      100%       3d13      1%          3
d - Brom's Barrelling Bo  Conj/Erth      54%        2d7       1%          4
e - Petrify               Alch/Erth      37%        N/A       5%          4

Your spell library contained the following spells:

 Spells                   Type           Power      Damage    Failure   Level
 Yara's Violent Unravell  Hex/Alch       5%         3d4       52%         5
 Shock                    Conj/Air       100%       1d9       1%          1
 Dazzling Flash           Conj/Hex       56%        N/A       1%          3
 Mephitic Cloud           Conj/Alch/Air  22%        N/A       2%          3
 Inner Flame              Hex/Fire       10%        N/A       8%          3
 Summon Small Mammal      Summ           40%        N/A       10%         1
 Irradiate                Conj/Alch      14%        3d16      11%         5
 Borgnjor's Vile Clutch   Necr/Erth      18%        N/A       16%         5
 Airstrike                Air            5%         2d(1-17)  24%         4
 Call Canine Familiar     Summ           10%        N/A       28%         3
 Ozocubu's Armour         Ice            15%        N/A       28%         3
 Swiftness                Air            10%        N/A       28%         3
 Summon Blazeheart Golem  Fire/Summ      10%        N/A       67%         4
 Alistair's Intoxication  Alch           6%         N/A       95%         5
 Curse of Agony           Necr           10%        N/A       95%         5
 Metabolic Englaciation   Hex/Ice        7%         N/A       95%         5
 Silence                  Hex/Air        5%         N/A       95%         5
 Eringya's Noxious Bog    Alch           5%         4d6       96%         6
 Sculpt Simulacrum        Ice/Alch       7%         N/A       100%        6
 Malign Gateway           Summ/Tloc      5%         N/A       100%        7
 Ignition                 Fire           5%         3d4       100%        8
 Summon Horrible Things   Summ           5%         N/A       100%        8


Dungeon Overview and Level Annotations

Branches:
Dungeon (10/15)            Temple (1/1) D:6            Lair (2/5) D:9
Ossuary (visited)
  Swamp: Lair:2-3    Shoals: Lair:2-3     Snake: Lair:2-3    Spider: Lair:2-3
    Orc: D:9-12

Altars:
Ashenzari
Cheibriados
Dithmenos
Elyvilon
Fedhas
Gozag
Hepliaklqana
Kikubaaqudgha
Makhleb
Nemelex Xobeh
Okawaru
Qazlal
Ru
Sif Muna
Trog
Uskayaw
Vehumet
Wu Jian
Xom
Yredelemnul
Zin
The Shining One

Annotations:
D:3 1 runed translucent door, Crazy Yiuf
D:10 3 runed translucent doors, diceflayer's ghost, journeyman DsFi


Innate Abilities, Weirdness & Mutations

You are immune to sickness and miasma.
Your stone body is resilient. (AC +8)
You are immune to poison.
You resist negative energy. (rN+)
You are resistant to electric shocks. (rElec)
You are resistant to unholy torment.
You are immune to petrification.


Message History

The cane toad gives a loud, deep croak!
The blast of sand hits the cane toad!
The cane toad is almost dead.
The komodo dragon hisses angrily.
You hear a croak.
A cane toad comes into view.
The blast of sand hits the cane toad but does no damage.
The cane toad is almost dead.
The cane toad stings you. x2
The blast of sand hits the cane toad!!!
You kill the cane toad!
Vehumet accepts your kill.
You feel your power returning. You block the komodo dragon's attack.
The komodo dragon bites you!! The komodo dragon closely misses you.
You climb upwards.
There is a stone staircase leading down here.
Casting: Sandblast (safe; 1% risk of failure)
Confirm with . or Enter, or press ? or * to list all spells.
Aiming: Stone Arrow (safe; 1% risk of failure)
Press: ? - help, Shift-Dir - straight line, f - komodo dragon
Aim: a komodo dragon (84% to hit)
The stone arrow misses the komodo dragon.
The komodo dragon bites you!
Casting: Stone Arrow (safe; 1% risk of failure)
Confirm with . or Enter, or press ? or * to list all spells.
Aiming: Stone Arrow (safe; 1% risk of failure)
Press: ? - help, Shift-Dir - straight line, f/p - komodo dragon
Aim: a komodo dragon (84% to hit)
The stone arrow misses the komodo dragon.
The komodo dragon bites you!!
* * * LOW HITPOINT WARNING * * *
Casting: Stone Arrow (safe; 1% risk of failure)
Confirm with . or Enter, or press ? or * to list all spells.
Aiming: Stone Arrow (safe; 1% risk of failure)
Press: ? - help, Shift-Dir - straight line, f/p - komodo dragon
Aim: a komodo dragon (84% to hit)
The stone arrow hits the komodo dragon!
The komodo dragon is moderately wounded.
The komodo dragon bites you!
You die...

.............#
.#..........##
#..........##
............#
##....#...###
###...#...#
######..# ###
####### #..###
#.###.....#
##.#.###l@......##
##.###........##
##..#.........#
#.#...........#
###...........#
#..........##
#...).....##
###.###.### ###
###


You could see a komodo dragon.

Vanquished Creatures
  A fire dragon (D:10)
  3 two-headed ogres
  Maurice (D:8)
  Joseph (Lair:1)
  A black mamba (Lair:1)
  4 cane toads
  A kobold demonologist (D:7)
  3 komodo dragons (Lair:1)
  An unseen horror (D:10)
  Grinder (D:6)
  A troll (D:10)
  4 blink frogs (Lair:1)
  Sigmund (D:3)
  2 shadows (D:7)
  2 wyverns (D:9)
  A vampire (D:7)
  3 basilisks
  11 yaks (Lair:1)
  4 vampire mosquitoes (D:10)
  3 steam dragons
  Grum (D:8)
  7 water moccasins
  2 ice beasts
  7 black bears
  3 sky beasts
  3 orc warriors
  8 ogres
  3 wolves
  2 centaurs
  5 kobold brigands
  A phantom (D:6)
  7 bullfrogs
  4 gnoll sergeants
  3 scorpions
  2 burial acolytes (Ossuary)
  20 wights
  4 killer bees (D:10)
  12 howler monkeys
  15 orc priests
  5 bombardier beetles
  4 gnoll boudas
  9 hounds
  5 jellies
  3 iguanas
  Jessica (D:3)
  Ijyb (D:3)
  A sleepcap (D:6)
  8 orc wizards
  9 adders
  9 gnolls
  2 river rats (D:3)
  2 shadow imps
  A white imp (D:5)
  5 ufetubi
  3 dart slugs
  2 ribbon worms
  33 orcs
  7 endoplasms
  7 giant cockroaches
  9 goblins
  9 hobgoblins
  3 jackals (D:1)
  9 kobolds
  8 ball pythons
  2 ball python skeletons (Ossuary)
  9 bats
  2 frilled lizards
  A hobgoblin skeleton (Ossuary)
  2 kobold skeletons (Ossuary)
  2 orc skeletons (Ossuary)
  8 rats
339 creatures vanquished.

Notes
Turn   | Place    | Note
-------+----------+-------------------------------------------
     0 | D:1      | HotelGloriana the Gargoyle Earth Elementalist began the
                  | quest for the Orb.
     0 | D:1      | Reached XP level 1. HP: 10/10 MP: 3/3
   183 | D:1      | Reached XP level 2. HP: 6/15 MP: 3/5
   880 | D:2      | Identified a scroll of acquirement
   880 | D:2      | Acquired a +2 pair of boots of stealth
  1012 | D:2      | Reached skill level 4 in Earth Magic
  1012 | D:2      | Reached XP level 3. HP: 19/19 MP: 2/6
  1137 | D:2      | Reached XP level 4. HP: 24/24 MP: 3/8
  1251 | D:2      | Found a shimmering altar of Xom.
  1966 | D:3      | Found a glowing drain.
  2065 | D:3      | Reached XP level 5. HP: 22/28 MP: 0/9
  2155 | D:3      | Learned a level 3 spell: Passwall
  2159 | D:3      | Learned a level 3 spell: Stone Arrow
  2187 | D:3      | Reached skill level 5 in Earth Magic
  2594 | D:3      | Noticed Sigmund
  2788 | D:3      | Killed Sigmund
  2789 | D:3      | Reached skill level 6 in Earth Magic
  2789 | D:3      | Reached XP level 6. HP: 23/32 MP: 9/12
  2809 | D:3      | Noticed Jessica
  2812 | D:3      | Killed Jessica
  2974 | D:3      | Found a runed translucent door.
  2975 | D:3      | Noticed Crazy Yiuf
  3108 | D:3      | Noticed Ijyb
  3118 | D:3      | Killed Ijyb
  3483 | D:4      | Reached XP level 7. HP: 36/36 MP: 10/13
  4194 | D:4      | Reached skill level 7 in Earth Magic
  4518 | D:5      | Entered Level 5 of the Dungeon
  4522 | D:5      | Reached skill level 5 in Spellcasting
  4693 | D:5      | Reached skill level 1 in Armour
  4693 | D:5      | Reached XP level 8. HP: 30/42 MP: 7/15
  4842 | D:5      | Reached skill level 1 in Fighting
  5556 | D:6      | Reached skill level 8 in Earth Magic
  5629 | D:6      | Found a staircase to the Ecumenical Temple.
  5667 | D:6      | Found a sand-covered staircase.
  5678 | Ossuary  | Entered an ossuary
  5873 | Ossuary  | Reached skill level 5 in Conjurations
  6159 | D:6      | Reached XP level 9. HP: 49/49 MP: 9/18
  6193 | Temple   | Entered the Ecumenical Temple
  6238 | Temple   | Became a worshipper of Vehumet
  6464 | D:6      | Reached skill level 9 in Earth Magic
  7021 | D:6      | Noticed Grinder
  7027 | D:6      | Reached * piety under Vehumet
  7027 | D:6      | Offered knowledge of Magic Dart by Vehumet.
  7033 | D:6      | Killed Grinder
  7268 | D:6      | Reached XP level 10. HP: 43/58 MP: 7/21
  7270 | D:6      | Reached skill level 10 in Earth Magic
  7395 | D:6      | Offered knowledge of Kiss of Death by Vehumet.
  7414 | D:6      | Learned a level 4 spell: Brom's Barrelling Boulder
  7658 | D:6      | Reached ** piety under Vehumet
  8047 | D:6      | Noticed a two-headed ogre
  8052 | D:6      | Killed a two-headed ogre
  8053 | D:6      | Reached skill level 5 in Fighting
  8053 | D:6      | Reached skill level 5 in Armour
  8366 | D:6      | Offered knowledge of Static Discharge by Vehumet.
  8372 | D:6      | Learned a level 4 spell: Petrify
  8856 | D:7      | Reached skill level 11 in Earth Magic
  8948 | D:7      | Found an ancient bone altar of Kikubaaqudgha.
  8949 | D:7      | Found a burning altar of Makhleb.
  8949 | D:7      | Found a bloodstained altar of Trog.
  8977 | D:7      | You fall into a shaft and drop 3 floors!
  8977 | D:10     | Entered Level 10 of the Dungeon
  9015 | D:9      | Found an opulent altar of Gozag.
  9152 | D:7      | Found an iron altar of Okawaru.
  9448 | D:7      | Noticed a kobold demonologist
  9488 | D:8      | Reached XP level 11. HP: 41/63 MP: 20/23
  9633 | D:7      | Noticed a two-headed ogre
  9664 | D:7      | Killed a two-headed ogre
  9684 | D:7      | Reached *** piety under Vehumet
  9860 | D:7      | Identified the staff of the Wilderness {rC+ rN+ Will+ Ice}
  9967 | D:7      | Identified the +6 morningstar "Pokilel" {venom, rElec Str+3
                  | Int+4}
  9975 | D:7      | Identified the staff of the Evil Eye {^Drain +Blink rF+
                  | rCorr Fire}
 10225 | D:8      | Noticed Maurice
 10247 | D:8      | Noticed Grum
 10361 | D:8      | Killed Grum
 10364 | D:8      | Something stole 90 gold
 10703 | D:8      | Offered knowledge of Volatile Blastmotes by Vehumet.
 10895 | D:8      | Reached skill level 1 in Staves
 11148 | D:8      | Killed Maurice
 11149 | D:8      | Reached skill level 5 in Stealth
 11149 | D:8      | Reached skill level 12 in Earth Magic
 11520 | D:9      | Found a staircase to the Lair.
 12051 | D:10     | Found a blossoming altar of Fedhas.
 12066 | D:10     | Reached **** piety under Vehumet
 12076 | D:10     | Noticed a two-headed ogre
 12082 | D:10     | Killed a two-headed ogre
 12543 | D:10     | Noticed a fire dragon
 12783 | D:10     | Offered knowledge of Yara's Violent Unravelling by Vehumet.
 12828 | D:10     | Reached XP level 12. HP: 54/68 MP: 21/25
 13022 | D:10     | Found a runed translucent gate.
 13023 | D:10     | Found a runed translucent gate.
 13023 | D:10     | Noticed diceflayer's ghost (journeyman DsFi)
 13024 | D:10     | Found a runed translucent gate.
 13066 | D:10     | Killed a fire dragon
 13419 | Lair:1   | Entered Level 1 of the Lair of Beasts
 13476 | Lair:1   | Reached skill level 10 in Spellcasting
 13476 | Lair:1   | Reached skill level 13 in Earth Magic
 14120 | Lair:1   | Noticed Joseph
 14124 | Lair:1   | Killed Joseph
 14744 | Lair:2   | Found an iron altar of Okawaru.
 14754 | Lair:1   | Mangled by a komodo dragon

Illustrated notes

Levels and vault maps discovered:
D:1:      minmay_arrival_glassed_features, layout_basic, hex_medium
D:2:      layout_basic, basic_altar
D:3:      layout_loops_corners, portal_sewer_entry_b, minmay_starry_boxes,
          uniq_jessica, uniq_crazy_yiuf_cottage, uniq_sigmund, uniq_ijyb
D:4:      layout_basic, minmay_manual_maat
D:5:      layout_basic, kennysheep_nondescript,
          serial_library_hellmonk_recessed_alcove
D:6:      lemuel_castle_with_subvaults [lemuel_castle_interior_carwin_3],
          layout_loops_corners, minmay_temple_entry_mini_moons,
          mainiacjoe_ossuary_entry_dusty_tomb, grunt_potential, uniq_grinder
D:7:      layout_basic, chequers_temple_overflow_statue_of_worship,
          mainiacjoe_overflow_cross_hatched, serial_glass, glass_columns_b,
          glass_columns_b, hangedman_abyss_or_decor_lesser_grid, dk_vineyard_3,
          minmay_the_grid_2x2 [minmay_the_grid_large_cup,
          minmay_the_grid_zigzag_pyramid, minmay_the_grid_odd_star,
          minmay_the_grid_prize_trominoes]
D:8:      layout_gridville, dk_noncrumbling_4, uniq_grum, uniq_maurice
D:9:      layout_rooms, mainiacjoe_overflow_chevrons, minmay_lair_entry_grove,
          enter_bailey_3
D:10:     layout_roguey, mainiacjoe_overflow_24_doors,
          biasface_ghost_orc_armoury
Temple:   nicolae_temple_x_marks_the_god
Lair:1:   layout_cave_pods, uniq_joseph
Lair:2:   layout_chaotic_city, elwin_shoals_entry_rocks,
          hellmonk_spider_entry_life_and_decay, basic_altar,
          ebering_ghost_funeral_grove, lemuel_fruit_fields,
          serial_bayou_shore_b, uniq_sonja

Skill      XL: |  1  2  3  4  5  6  7  8  9 10 11 12 |
---------------+-------------------------------------+-----
Earth Magic    | 4 6 7 8 9 11 12 13 | 13.7
Conjurations   | 2 3 4 5 6 7 8 |  8.9
Spellcasting   | 3 4 5 6 7 8 9 10 | 10.5
Armour         | 1 3 4 5 |  5.0
Fighting       | 2 4 5 |  5.0
Dodging        | 2 4 |  4.9
Stealth        | 4 5 |  5.0
Staves         | 2 4 |  4.2

Action                     |  1- 3 |  4- 6 |  7- 9 | 10-12 || total
---------------------------+-------+-------+-------+-------++-------
  Melee: Unarmed           |     3 |     7 |       |       ||    10
         Staff             |       |       |       |     4 ||     4
   Cast: Sandblast         |    40 |    96 |   160 |   324 ||   620
         Stone Arrow       |       |       |    25 |    59 ||    84
    Use: Potion            |     1 |       |       |     3 ||     4
         Scroll            |     2 |     2 |     6 |     6 ||    16
 Armour: Robe              |    15 |    48 |    63 |   178 ||   304
  Dodge: Dodged            |    28 |    47 |    63 |   140 ||   278
  Block: Buckler           |       |       |       |    29 ||    29
